 Dungeon Crawl Stone Soup version 0.32-a0-932-g546787307d (webtiles) character file.

Game seed: 7307870655472270753

279 paps the Ducker (level 6, -3/69 HPs)
             Began as a Demonspawn Gladiator on Apr 14, 2024.
             Slain by an iguana (6 damage)
             ... on level 4 of the Dungeon.
             The game lasted 00:03:36 (2991 turns).

paps the Ducker (Demonspawn Gladiator)              Turns: 2991, Time: 00:03:36

Health: -3/69      AC:  5    Str: 14    XL:     6   Next: 5%
Magic:  0/6        EV: 12    Int:  9    God:
Gold:   125        SH:  0    Dex: 16    Spells: 5/5 levels left

rFire   . . .        a - +0 short sword
rCold   . . .        (no shield)
rNeg    . . .        b - +0 leather armour
rPois   .            c - +0 helmet
rElec   .            (no cloak)
rCorr   .            (no gloves)
SInv    .            (no boots)
Will    .....        m - amulet of guardian spirit Stlth
                     (no ring)
HPRegen 0.31/turn    (no ring)
MPRegen 0.10/turn

%: guardian spirit
@: berserking, wreathed by umbra, very quick
A: sharp scales 1, weakness stinger 2, foul shadow 1
a: no special abilities


You were on level 4 of the Dungeon.
You visited 1 branch of the dungeon, and saw 4 of its levels.

You collected 125 gold pieces.

Inventory:

Hand Weapons
 a - a +0 short sword (weapon)
Armour
 b - a +0 leather armour (worn)
 c - a +0 helmet (worn)
Jewellery
 m - an amulet of guardian spirit (around neck)
Wands
 r - a wand of polymorph (5)
Scrolls
 g - a scroll of blinking {unknown}
 j - 3 scrolls of poison {unknown}
 k - a scroll of amnesia {unknown}
 l - 2 scrolls of teleportation {unknown}
 n - a scroll of revelation {unknown}
 o - a scroll of fog {unknown}
 p - 2 scrolls of vulnerability {unknown}
 s - a scroll of identify {unknown}
 t - 2 scrolls of immolation {unknown}
Potions
 d - a potion of lignification {unknown}
 e - a potion of cancellation {unknown}
 f - a potion of berserk rage
 h - 2 potions of brilliance {unknown}
 i - a potion of attraction {unknown}
 q - a potion of ambrosia {unknown}


   Skills:
 + Level 2.7 Fighting
 + Level 2.7 Short Blades
 - Level 3.1 Axes
 - Level 1.9 Throwing
 + Level 2.4 Armour
 + Level 3.6 Dodging
 + Level 1.0 Stealth


You had 5 spell levels left.
You didn't know any spells.
Your spell library contained the following spells:

 Spells                   Type           Power      Damage    Failure   Level
 Apportation              Tloc           0%         N/A       45%         1
 Kiss of Death            Conj/Necr      0%         2d5       45%         1
 Jinxbite                 Hex            0%         N/A       58%         2
 Confusing Touch          Hex            0%         N/A       83%         3
 Inner Flame              Hex/Fire       0%         N/A       83%         3
 Dispel Undead            Necr           0%         3d6       99%         4
 Alistair's Intoxication  Alch           0%         N/A       100%        5
 Irradiate                Conj/Alch      0%         3d11      100%        5
 Ignition                 Fire           0%         3d3       100%        8


Dungeon Overview and Level Annotations

Branches:
Dungeon (4/15)
 Temple: D:4-7

Altars:


Innate Abilities, Weirdness & Mutations

You are partially covered in razor-sharp scales. (AC +1, Slay +1)
You have a tail ending in a sharp stinger.
You are faintly shadowed, very rarely releasing foul flame when damaged in melee.


Message History

The iguana bites you!
* * * LOW HITPOINT WARNING * * *
The orc hits you but does no damage.
You hit the iguana but do no damage.
The iguana is almost dead.
The iguana bites you but does no damage.
The orc hits you from afar with a +0 trident.
* * * LOW HITPOINT WARNING * * *
You hit the iguana.
You kill the iguana!
The orc closely misses you.
You have reached level 6!
Your demonic ancestry asserts itself...
Your tail grows a sharp stinger.
You hit the kobold.
You kill the kobold!
The orc closely misses you. The orc barely misses you.
Things that are here:
a +0 club; an iguana corpse You completely miss the orc.
The orc barely misses you.
You barely miss the orc.
Your tail-slap misses the orc.
The iguana closely misses you. The orc misses you.
Unknown command.
You hit the orc.
The orc is heavily wounded.
The iguana bites you.
* * * LOW HITPOINT WARNING * * *
You closely miss the orc.
The orc is heavily wounded.
The orc hits you with a +0 trident.
* * * LOW HITPOINT WARNING * * *
Unknown command.
You hit the orc.
You kill the orc!
The iguana bites you but does no damage.
It was a potion of berserk rage.
A red film seems to cover your vision as you go berserk!
You feel yourself moving faster!
You feel mighty! The iguana bites you!
You die...

####### #.....# .
#.....# ...
#.....##+
.....######l.......
..........@<.......
.....########......
... ..... . ....
... .. .


You could see an iguana.

Vanquished Creatures
  Sigmund (D:3)
  Ijyb (D:3)
  An iguana (D:4)
  An adder (D:2)
  A ribbon worm (D:2)
  2 dart slugs
  An orc (D:4)
  6 bats
  4 endoplasms
  2 goblins (D:1)
  5 hobgoblins
  4 jackals (D:1)
  3 quokkas
  5 ball pythons
  2 frilled lizards
  3 kobolds
  7 rats
49 creatures vanquished.

Notes
Turn   | Place    | Note
-------+----------+-------------------------------------------
     0 | D:1      | paps the Demonspawn Gladiator began the quest for the Orb.
     0 | D:1      | Reached XP level 1. HP: 16/16 MP: 1/1
   143 | D:1      | Gained mutation: You are partially covered in razor-sharp
                  | scales. (AC +1, Slay +1) [demonic ancestry]
   143 | D:1      | Reached XP level 2. HP: 21/22 MP: 2/2
   675 | D:1      | Reached XP level 3. HP: 20/27 MP: 3/3
  1417 | D:2      | Found a faded altar of an unknown god.
  1719 | D:3      | Noticed Sigmund
  2042 | D:3      | Killed Sigmund
  2043 | D:3      | Gained mutation: You are faintly shadowed, very rarely
                  | releasing foul flame when damaged in melee. [demonic
                  | ancestry]
  2043 | D:3      | Reached XP level 4. HP: 12/34 MP: 4/4
  2043 | D:3      | Gained mutation: You have a small tail. [demonic ancestry]
  2043 | D:3      | Reached XP level 5. HP: 14/39 MP: 5/5
  2240 | D:3      | Noticed Ijyb
  2494 | D:3      | Killed Ijyb
  2871 | D:3      | Reached skill level 1 in Stealth
  2984 | D:4      | Gained mutation: You have a tail ending in a sharp stinger.
                  | [demonic ancestry]
  2984 | D:4      | Reached XP level 6. HP: 10/46 MP: 1/6
  2989 | D:4      | HP: 1/46 [orc/+0 trident (4)]
  2991 | D:4      | Slain by an iguana

Illustrated notes

Levels and vault maps discovered:
D:1:      lemuel_arrival_behind_the_door_large, layout_basic
D:2:      layout_basic, basic_ecumenical_altar, ebering_dispersal_statue_hall,
          nicolae_hexahallways
D:3:      layout_rooms, uniq_sigmund, uniq_ijyb
D:4:      layout_basic, mainiacjoe_overflow_brackets, minmay_small_thing

Skill      XL: |  1  2  3  4  5 |
---------------+----------------+-----
Axes           | 3 |  3.1
Dodging        | 3 |  3.6
Short Blades   | 2 |  2.7
Armour         | 2 |  2.4
Stealth        | 1 |  1.0
Fighting       | |  2.7
Throwing       | |  1.9

Action                     |  1- 3 |  4- 6 || total
---------------------------+-------+-------++-------
  Melee: War axe           |    47 |       ||    47
         Short sword       |   141 |    64 ||   205
         Unarmed           |       |     2 ||     2
         Tailslap          |       |     2 ||     2
    Use: Potion            |       |     1 ||     1
   Stab: Sleeping          |     3 |       ||     3
 Armour: Leather armour    |   114 |    27 ||   141
         Skin              |       |    25 ||    25
  Dodge: Dodged            |   117 |    40 ||   157

Table legend: (Time is in decaauts)
 A = Elapsed time spent in this place.
 B = Non-inter-level travel time spent in this place.
 C = Inter-level travel time spent in this place.
 D = Time resting spent in this place.
 E = Time spent auto-exploring this place.
 F = Levels seen in this place.
 G = Mean time per level.
                   A        B        C        D        E       F      G
               +--------+--------+--------+--------+--------+-----+--------+
         Total |   3001 |   2926 |     75 |    575 |   1798 |   4 |  750.2 |
       Dungeon |   3001 |   2926 |     75 |    575 |   1798 |   4 |  750.2 |
               +--------+--------+--------+--------+--------+-----+--------+

Top non-repeatable levels by time:
     D:2: 1451 daAuts
     D:1: 840 daAuts
     D:3: 684 daAuts
     D:4: 25 daAuts
